 Dungeon Crawl Stone Soup version 0.26-a0-519-gb2f46efeda (webtiles) character file.

Game seed: 7349986951577666993

307 KristoblXynda the Shield-Bearer (level 6, -6/52 HPs)
             Began as a Draconian Fighter on Aug 10, 2020.
             Mangled by a two-headed ogre
             ... wielding a +0 giant club
              (21 damage)
             ... on level 4 of the Dungeon.
             The game lasted 00:06:10 (4586 turns).

KristoblXynda the Shield-Bearer (Draconian Fighter) Turns: 4586, Time: 00:06:10

Health: -6/52      AC:  6    Str: 19    XL:     6   Next: 16%
Magic:  6/6        EV: 11    Int: 10    God:
Gold:   147        SH:  9    Dex: 10    Spells: 5/5 levels left

rFire    . . .     SeeInvis .   h - +2 short sword (venom)
rCold    . . .     Faith    .   b - +0 kite shield
rNeg     + . .     Spirit   .   (armour unavailable)
rPois    .         Reflect  .   (helmet restricted)
rElec    .         Harm     .   (no cloak)
rCorr    .                      (no gloves)
MR       .....                  (no boots)
Stlth    ..........             (no amulet)
HPRegen  0.17/turn              i - ring of positive energy
MPRegen  0.10/turn              f - ring of attention (curse)

@: no status effects
A: unfitting armour, cold-blooded, AC +6
a: no special abilities


You were on level 4 of the Dungeon.
You visited 1 branch of the dungeon, and saw 4 of its levels.

You collected 147 gold pieces.

Inventory:

Hand Weapons
 a - a +1 long sword
 h - a +2 short sword of venom (weapon)
Armour
 b - a +0 kite shield (worn)
Jewellery
 f - a cursed ring of attention (right hand)
 i - a ring of positive energy (left hand)
 j - an uncursed ring of flight
 k - an uncursed ring of magical power {unknown}
Wands
 l - a wand of enslavement (6)
Scrolls
 d - 5 scrolls of teleportation
 e - 2 scrolls of identify
 m - 2 scrolls of magic mapping
 p - a scroll of amnesia
 q - a scroll of fog
 r - a scroll of blinking
Potions
 c - 2 potions of might
 g - 4 potions of curing
 n - a potion of cancellation
 o - a potion of invisibility


   Skills:
 - Level 4.0 Fighting
 + Level 3.7 Long Blades
 + Level 4.0 Dodging
 + Level 4.4 Shields
 + Level 1.0 Evocations


You had 5 spell levels left.
You didn't know any spells.
Your spell library was empty.

Dungeon Overview and Level Annotations

Branches:
Dungeon (4/15)
 Temple: D:4-7

Altars:
Ashenzari
Ru
Trog
Uskayaw
Yredelemnul
The Shining One

Annotations:
D:4 2 transporters, Hopman's ghost, amateur MiFi


Innate Abilities, Weirdness & Mutations

Your plain brown scales are hard. (AC +6)
You cannot fit into any form of body armour.
You are cold-blooded and may be slowed by cold attacks.


Message History

A two-headed ogre comes into view. It is wielding two +0 giant clubs.
The two-headed ogre shouts in stereo!
Found 8 gold pieces.
A two-headed ogre is nearby!
A two-headed ogre is nearby!
As you read the scroll of identify, it crumbles to dust.
n - a potion of cancellation
As you read the scroll of identify, it crumbles to dust.
r - a scroll of blinking You start waiting.
A two-headed ogre is nearby!
The two-headed ogre closely misses you.
The two-headed ogre hits you with a +0 giant club!!
You hit the two-headed ogre but do no damage.
The two-headed ogre is poisoned.
Your tail-slap misses the two-headed ogre.
The two-headed ogre hits you with a +0 giant club!
* * * LOW HITPOINT WARNING * * *
The two-headed ogre hits you with a +0 giant club!!
You die...

#.....#..#.........# #.#..#.#.#
#..)..#............# #.#..#.#.#
#.....#............# #.#..#.#.#
#.....#....#.......# #.#....#.#
###.#.######.......# #.#....#.#
#.#..............# #.#....#.#
#.#..............####.#.##.#.#
#.#...................#.##...#
####.#..........@.......,..*##..#
...#.#......##.#O##########* #...
............##.#.# ##>.
#.##...##'####.#.##### #...
...#...#...###.#.....# #...
.8.##.##.8...#.#####.# #...
....#.#....#...# *.#*******#...
#...###...####.# *$.,,,,,,*#...
#....#....#..#.#####...,,,,,*#...


You could see a two-headed ogre (poisoned).

Vanquished Creatures
  2 hounds
  A worker ant (D:3)
  Robin (D:3)
  9 adders
  An ooze (D:2)
  A worm (D:3)
  2 dart slugs (D:2)
  6 leopard geckos
  6 orcs
  12 bats
  3 giant cockroaches (D:2)
  15 hobgoblins
  3 jackals (D:2)
  9 kobolds
  6 quokkas
  2 ball pythons
  6 frilled lizards
  15 goblins
  11 rats
111 creatures vanquished.

Notes
Turn   | Place    | Note
-------+----------+-------------------------------------------
     0 | D:1      | KristoblXynda the Draconian Fighter began the quest for the
                  | Orb.
     0 | D:1      | Reached XP level 1. HP: 19/19 MP: 1/1
   204 | D:1      | Reached XP level 2. HP: 26/26 MP: 2/2
  1433 | D:1      | Reached XP level 3. HP: 31/31 MP: 3/3
  1956 | D:2      | Reached XP level 4. HP: 40/40 MP: 4/4
  2483 | D:2      | Found a sacrificial altar of Ru.
  2791 | D:3      | Noticed Robin
  2811 | D:3      | Reached XP level 5. HP: 33/46 MP: 5/5
  2831 | D:3      | Killed Robin
  3724 | D:3      | Found a bloodstained altar of Trog.
  3861 | D:3      | Found a shattered altar of Ashenzari.
  3861 | D:3      | Found a faded altar of an unknown god.
  3871 | D:3      | Found a basalt altar of Yredelemnul.
  3873 | D:3      | Found a glowing golden altar of the Shining One.
  3875 | D:3      | Found a faded altar of an unknown god.
  4065 | D:4      | Reached XP level 6. HP: 52/52 MP: 6/6
  4183 | D:4      | Reached skill level 1 in Evocations
  4260 | D:4      | Found a transporter.
  4260 | D:4      | Noticed Hopman's ghost (amateur MiFi)
  4301 | D:4      | Noticed a +0 hand axe
  4302 | D:4      | Found a hide-covered altar of Uskayaw.
  4302 | D:4      | Noticed a +0 hand axe
  4310 | D:4      | Found a transporter.
  4573 | D:4      | Noticed a two-headed ogre
  4586 | D:4      | Mangled by a two-headed ogre

Illustrated notes

Levels and vault maps discovered:
D:1:      dpeg_arrival_morbid_curiosity, layout_loops_corners
D:2:      minmay_thinvault, layout_loops_corners,
          nicolae_ru_great_annihilating_truth, feat_on_display
D:3:      layout_loops_ring, chequers_temple_overflow_minitemple,
          grunt_ministairs_4, trog_book, uniq_robin
D:4:      layout_basic, dancing_weapons_uskayaw, gammafunk_ghost_mausoleum,
          grunt_ministairs_13

Skill      XL: |  1  2  3  4  5  6 |
---------------+-------------------+-----
Dodging        | 3 4 |  4.0
Fighting       | 4 |  4.0
Long Blades    | 3 |  3.7
Shields        | 4 |  4.4
Evocations     | 1 |  1.0

Action                   |  1- 3 |  4- 6 || total
-------------------------+-------+-------++-------
Melee: Long sword        |    36 |       ||    36
       Tailslap          |    12 |    23 ||    35
       Short sword       |    71 |   175 ||   246
  Use: Scroll            |     1 |    11 ||    12
 Stab: Sleeping          |     1 |       ||     1
       Paralysed         |       |     2 ||     2
Armor: Skin              |    24 |    43 ||    67
Dodge: Dodged            |    54 |    73 ||   127
Block: Kite shield       |    61 |    72 ||   133
       Rpst.: Long sword |     9 |       ||     9

Table legend: (Time is in decaauts)
 A = Elapsed time spent in this place.
 B = Non-inter-level travel time spent in this place.
 C = Inter-level travel time spent in this place.
 D = Time resting spent in this place.
 E = Time spent auto-exploring this place.
 F = Levels seen in this place.
 G = Mean time per level.
                   A        B        C        D        E       F      G
               +--------+--------+--------+--------+--------+-----+--------+
         Total |   4617 |   4561 |     56 |    415 |   3265 |   4 | 1154.2 |
       Dungeon |   4617 |   4561 |     56 |    415 |   3265 |   4 | 1154.2 |
               +--------+--------+--------+--------+--------+-----+--------+

Top non-repeatable levels by time:
     D:1: 1562 daAuts
     D:3: 1279 daAuts
     D:2: 1240 daAuts
     D:4: 535 daAuts
